 Dungeon Sprint DCSS version 0.21.0-3-g78d12a8bdd (webtiles) character file.

387 Quolop the Grappler (level 6, -5/66 HPs)
             Began as a Troll Monk on Jan 12, 2018.
             Was a Priest of Wu Jian.
             Slain by a ten-headed hydra (10 damage)
             ... in the Dungeon (Sprint IX: "|||||||||||||||||||||||||||||").
             The game lasted 00:01:33 (348 turns).

Quolop the Grappler (Troll Monk)                     Turns: 348, Time: 00:01:33

Health: -5/66      AC:  6    Str: 22    XL:     6   Next: 49%
Magic:  5/5        EV: 13    Int:  9    God:    Wu Jian [***...]
Gold:   0          SH:  0    Dex: 15    Spells: 5/5 levels left

rFire    . . .     SeeInvis .     - Unarmed
rCold    . . .     Gourm    +   (no shield)
rNeg     . . .     Faith    .   a - +0 robe
rPois    .         Spirit   .   (helmet restricted)
rElec    .         Reflect  .   m - +0 cloak
rCorr    .         Harm     .   (gloves unavailable)
MR       .....     NoTele   +   (boots unavailable)
Stlth    ++........             (no amulet)
HPRegen  0.61/turn              n - +3 ring of dexterity
MPRegen  0.09/turn              o - +3 ring of intelligence

@: no status effects
A: large, unfitting armour, claws 3, fast metabolism 3, gourmand, regeneration
1, shaggy fur 1, tough skin 2
a: Wall Jump, Serpent's Lash, Renounce Religion


You were in the Dungeon.
You worshipped Wu Jian.
Wu Jian was most pleased with you.
You were full.

You visited 1 branch

Inventory:

Armour
 a - a +0 robe (worn)
 m - a +0 cloak (worn)
Jewellery
 n - a +3 ring of dexterity (left claw)
 o - a +3 ring of intelligence (right claw)
Wands
 l - a wand of iceblast (10)
Scrolls
 h - 2 scrolls of blinking
 j - 3 scrolls of remove curse
 k - 2 scrolls of amnesia
Potions
 c - a potion of invisibility
 d - 2 potions of heal wounds
 e - a potion of haste
 f - 4 potions of magic
 g - a potion of berserk rage
 i - 4 potions of curing
Comestibles
 b - 2 rations


   Skills:
 + Level 5.4 Fighting
 + Level 6.3 Dodging
 + Level 1.7 Stealth
 * Level 10.7 Unarmed Combat


You had 5 spell levels left.
You didn't know any spells.

Dungeon Overview and Level Annotations

Branches:
Dungeon (1/1)

Altars:
Cheibriados
Dithmenos
Elyvilon
Fedhas
Gozag
Hepliaklqana
Kikubaaqudgha
Makhleb
Nemelex Xobeh
Okawaru
Qazlal
Ru
Sif Muna
Trog
Uskayaw
Vehumet
Wu Jian
Xom
Yredelemnul
Zin
The Shining One
Beogh
Jiyva
Lugonu


Innate Abilities, Weirdness & Mutations

You are too large for most types of armour.
You have claws for hands.
Your metabolism is lightning-fast.
You like to eat raw meat.
Your natural rate of healing is unusually fast.
You are covered in fur. (AC +1)
You have very tough skin. (AC +2)


Message History

The bullfrog gives a loud, deep croak!
The centaur shouts!
The nine-headed hydra bites you but does no damage. x2
The nine-headed hydra misses you.
The nine-headed hydra closely misses you.
The nine-headed hydra bites you! x2
The nine-headed hydra barely misses you.
The nine-headed hydra bites you. The nine-headed hydra bites you!
The crimson imp shouts!
There is an open door, spattered with blood here.
You rip one of the nine-headed hydra's heads off!
The eight-headed hydra grows two more!
You mangle the ten-headed hydra!!
The ten-headed hydra is heavily wounded.
The ten-headed hydra bites you but does no damage.
The ten-headed hydra bites you! x2
* * * LOW HITPOINT WARNING * * *
The ten-headed hydra bites you!
* * * LOW HITPOINT WARNING * * *
The ten-headed hydra bites you but does no damage.
The ten-headed hydra bites you!
You die...

▓+▓
▓y▓
▓F▓
▓5▓
▓Y▓
▓c▓
▓D▓
▓@▓
▓.▓
▓.▓
▓.▓
▓.▓
▓.▓
▓)▓
▓)▓
▓.▓


You could see a ten-headed hydra, a vampire mosquito, a sky beast, a bullfrog, a
centaur and a crimson imp.

Vanquished Creatures
  2 ogres (D)
  A phantom (D)
  A wight (D)
  A jelly (D)
  An orc wizard (D)
  A worker ant (D)
  An adder (D)
  2 orcs (D)
  A hobgoblin (D)
  A jackal (D)
  A kobold (D)
  A quokka (D)
  2 bats (D)
16 creatures vanquished.

Vanquished Creatures (others)
  A spatial maelstrom (D)
1 creature vanquished.

Grand Total: 17 creatures vanquished

Notes
Turn   | Place    | Note
-------+----------+-------------------------------------------
     0 | D        | Quolop the Troll Monk began the quest for the Orb.
     0 | D        | Reached XP level 1. HP: 22/22 MP: 0/0
     1 | D        | Banished a spatial maelstrom
    20 | D        | Noticed an ogre
    20 | D        | Noticed an orc wizard
    44 | D        | Killed an orc wizard
    44 | D        | Reached skill level 5 in Unarmed Combat
    44 | D        | Reached XP level 2. HP: 11/31 MP: 1/1
    44 | D        | Reached XP level 3. HP: 13/37 MP: 2/2
    49 | D        | Killed an ogre
    49 | D        | Reached skill level 7 in Unarmed Combat
    49 | D        | Reached XP level 4. HP: 20/48 MP: 3/3
   239 | D        | Found a roughly hewn altar of Beogh.
   239 | D        | Found a snail-covered altar of Cheibriados.
   239 | D        | Found a shadowy altar of Dithmenos.
   239 | D        | Found a white marble altar of Elyvilon.
   239 | D        | Found a blossoming altar of Fedhas.
   239 | D        | Found an opulent altar of Gozag.
   240 | D        | Found a hazy altar of Hepliaklqana.
   241 | D        | Found a viscous altar of Jiyva.
   242 | D        | Found an ancient bone altar of Kikubaaqudgha.
   243 | D        | Found a corrupted altar of Lugonu.
   244 | D        | Found a burning altar of Makhleb.
   245 | D        | Found a sparkling altar of Nemelex Xobeh.
   246 | D        | Found an iron altar of Okawaru.
   247 | D        | Found a stormy altar of Qazlal.
   248 | D        | Found a sacrificial altar of Ru.
   249 | D        | Found a deep blue altar of Sif Muna.
   250 | D        | Found a bloodstained altar of Trog.
   251 | D        | Found a hide-covered altar of Uskayaw.
   252 | D        | Found a radiant altar of Vehumet.
   253 | D        | Found an ornate altar of the Wu Jian Council.
   254 | D        | Found a shimmering altar of Xom.
   255 | D        | Found a basalt altar of Yredelemnul.
   256 | D        | Found a glowing silver altar of Zin.
   257 | D        | Found a glowing golden altar of the Shining One.
   261 | D        | Became a worshipper of the Wu Jian Council
   261 | D        | Reached * piety under Wu Jian
   261 | D        | Reached ** piety under Wu Jian
   267 | D        | Found the +8 autumn katana {slice, Clar}
   290 | D        | Noticed a phantom
   290 | D        | Noticed an ogre
   293 | D        | Killed an ogre
   293 | D        | Reached skill level 5 in Dodging
   293 | D        | Reached skill level 8 in Unarmed Combat
   293 | D        | Reached XP level 5. HP: 55/55 MP: 4/4
   300 | D        | Reached skill level 5 in Fighting
   300 | D        | Reached skill level 9 in Unarmed Combat
   303 | D        | Reached *** piety under Wu Jian
   303 | D        | Reached XP level 6. HP: 55/66 MP: 5/5
   315 | D        | Reached skill level 10 in Unarmed Combat
   346 | D        | Noticed a vampire mosquito
   346 | D        | Noticed a sky beast
   346 | D        | Noticed a seven-headed hydra
   348 | D        | Slain by a ten-headed hydra

Skill      XL: |  1  2  3  4  5  6 |
---------------+-------------------+-----
Fighting       | 3 4 5 |  5.4
Dodging        | 3 4 5 6 |  6.3
Unarmed Combat | 5 7 8 9 10 | 10.7
Stealth        | |  1.7

Action                   |  1- 3 |  4- 6 || total
-------------------------+-------+-------++-------
Melee: Unarmed           |    28 |    25 ||    53
       Punch             |       |     1 ||     1
Invok: Lunge             |       |     4 ||     4
  Use: Potion            |     2 |       ||     2
 Stab: Sleeping          |       |     1 ||     1
  Eat: Chunk             |       |     6 ||     6
Armor: Robe              |     7 |     8 ||    15
Dodge: Dodged            |    12 |     5 ||    17
